 Dungeon Crawl Stone Soup version 0.30-a0-924-g0ad0bf95bc (webtiles) character file.

Game seed: 15092289679490739089

688 hikkokomori the Shooter (level 7, -6/44 HPs)
             Began as a Tengu Hunter on Mar 23, 2023.
             Mangled by an ogre
             ... wielding a +0 giant club
              (13 damage)
             ... on level 5 of the Dungeon.
             The game lasted 00:04:48 (2730 turns).

hikkokomori the Shooter (Tengu Hunter)              Turns: 2730, Time: 00:04:49

Health: -6/44      AC:  6    Str: 12    XL:     7   Next: 63%
Magic:  8/8        EV: 19    Int:  9    God:
Gold:   272        SH:  0    Dex: 28    Spells: 6/6 levels left

rFire   . . .      SeeInvis .    a - +0 shortbow
rCold   x . .      Faith    .    (shield currently unavailable)
rNeg    . . .      Spirit   .    e - +2 leather armour "Heegummo" {Harm rC- Will- Dex+9}
rPois   .          Reflect  .    (helmet restricted)
rElec   .          Rampage  .    i - +0 cloak
rCorr   .          Harm     + .  (no gloves)
Will    .....                    (boots unavailable)
Stlth   +++                      (no amulet)
HPRegen 0.27/turn                (no ring)
MPRegen 0.11/turn                (no ring)

@: flying quickly and evasively, quick
A: beak, talons 3, nimble flight
a: no special abilities


You were on level 5 of the Dungeon.
You visited 1 branch of the dungeon, and saw 5 of its levels.

You collected 272 gold pieces.

Inventory:

Hand Weapons
 a - a +0 shortbow (weapon)
Armour
 c - a +0 leather armour
 e - the +2 leather armour "Heegummo" (worn) {Harm rC- Will- Dex+9}
   (You found it on level 2 of the Dungeon)

   Dex:       It affects your dexterity (+9).
   rC:        It makes you vulnerable to cold.
   Harm:      It increases damage dealt and taken.
   Will:      It decreases your willpower.
 i - a +0 cloak (worn)
Jewellery
 d - an amulet of the acrobat
 j - a ring of positive energy
Scrolls
 b - 2 scrolls of immolation
 f - 2 scrolls of fear {unknown}
 g - a scroll of teleportation
 l - 2 scrolls of poison
 m - a scroll of magic mapping {unknown}
 o - a scroll of fog {unknown}
 p - a scroll of butterflies {unknown}
Potions
 h - a potion of might
 k - a potion of cancellation
 n - a potion of mutation
 q - a potion of heal wounds {unknown}


   Skills:
 + Level 4.4 Fighting
 + Level 6.3 Ranged Weapons
 + Level 4.9 Dodging
 + Level 4.3 Stealth


You had 6 spell levels left.
You didn't know any spells.
Your spell library was empty.

Dungeon Overview and Level Annotations

Branches:
Dungeon (5/15)
 Temple: D:4-7

Altars:
Fedhas
Yredelemnul

Shops:
D:1 [   D:2 !


Innate Abilities, Weirdness & Mutations

You have a beak for a mouth.
You have claws for feet.
Your magical nature lets you fly swiftly and evasively.


Message History

The iguana is moderately wounded.
The iguana bites you but does no damage.
You shoot an arrow. The arrow hits the iguana!
The iguana is almost dead.
The iguana bites you. The iguana misses you.
You shoot an arrow. The arrow hits the iguana!
You kill the iguana!
You shoot an arrow. The arrow hits the ogre!
The ogre is severely wounded.
The ogre hits you with a +0 giant club!!
Ouch! That really hurt!
* * * LOW HITPOINT WARNING * * *
You are too injured to fight recklessly!
You are too injured to fight recklessly!
You are too injured to fight recklessly!
You are too injured to fight recklessly!
You are too injured to fight recklessly!
You are too injured to fight recklessly!
You are too injured to fight recklessly!
You are too injured to fight recklessly!
You are too injured to fight recklessly!
You are too injured to fight recklessly!
You are too injured to fight recklessly!
You are too injured to fight recklessly!
You are too injured to fight recklessly!
You are too injured to fight recklessly!
You are too injured to fight recklessly!
You are too injured to fight recklessly!
You are too injured to fight recklessly!
You are too injured to fight recklessly!
You are too injured to fight recklessly!
You are too injured to fight recklessly!
You are too injured to fight recklessly!
You are too injured to fight recklessly!
You are too injured to fight recklessly!
You are too injured to fight recklessly!
You shoot an arrow. The arrow hits the ogre.
The ogre is almost dead.
The ogre hits you with a +0 giant club!
You die...

+...........#
#...........#
#...........#
#...........#
#...#########
###.######
#......#
####.#.#
#@#.###
#O#...##
#W###..####
##.####....#
#...# ####.##
#.#.# #..#
##.#.## ##.#
#..#..# #.###
##.###.##
#...##


You could see an ogre and a phantom.

Vanquished Creatures
  Grinder (D:3)
  2 black bears (D:4)
  A jelly (D:4)
  An orc priest (D:3)
  A hound (D:3)
  3 iguanas (D:5)
  Ijyb (D:3)
  5 adders
  A shadow imp (D:5)
  2 ufetubi (D:4)
  2 worms
  2 dart slugs
  6 orcs
  14 ball pythons
  8 endoplasms
  6 goblins
  3 hobgoblins
  3 quokkas
  7 bats
  6 frilled lizards
  4 kobolds
  5 rats
84 creatures vanquished.

Notes
Turn   | Place    | Note
-------+----------+-------------------------------------------
     0 | D:1      | hikkokomori the Tengu Hunter began the quest for the Orb.
     0 | D:1      | Reached XP level 1. HP: 12/12 MP: 2/2
    23 | D:1      | Found Tascheid's Armour Emporium.
   214 | D:1      | Reached XP level 2. HP: 11/17 MP: 3/3
   802 | D:2      | Identified the +2 leather armour "Heegummo" {Harm rC- Will-
                  | Dex+9}
   863 | D:2      | Reached XP level 3. HP: 22/22 MP: 4/4
  1212 | D:2      | Found Woudaj's Distillery.
  1294 | D:3      | Reached XP level 4. HP: 27/27 MP: 5/5
  1384 | D:3      | Noticed Grinder
  1385 | D:3      | Paralysed by Grinder for 4 turns
  1391 | D:3      | Paralysed by Grinder for 4 turns
  1395 | D:3      | Killed Grinder
  1396 | D:3      | Reached skill level 5 in Ranged Weapons
  1396 | D:3      | Gained mutation: Your magical nature lets you fly swiftly
                  | and evasively. [Tengu growth]
  1396 | D:3      | Reached XP level 5. HP: 32/32 MP: 6/6
  1396 | D:3      | Reached XP level 6. HP: 37/37 MP: 7/7
  1726 | D:3      | Found a basalt altar of Yredelemnul.
  1730 | D:3      | Noticed Ijyb
  1742 | D:3      | Killed Ijyb
  1922 | D:4      | Noticed a black bear
  1930 | D:4      | Killed a black bear
  1931 | D:4      | Reached XP level 7. HP: 42/42 MP: 8/8
  2094 | D:4      | Reached skill level 6 in Ranged Weapons
  2392 | D:5      | Entered Level 5 of the Dungeon
  2454 | D:5      | Found a blossoming altar of Fedhas.
  2730 | D:5      | Mangled by an ogre

Illustrated notes

Levels and vault maps discovered:
D:1:      nicolae_arrival_memento_mori, layout_loops_corners, serial_shops,
          nicolae_diamond_shop, minmay_misc_feat_doors
D:2:      layout_rooms, serial_shops, shop, minmay_fountain_box
D:3:      layout_rooms, lemuel_doored_altar, uniq_grinder, uniq_ijyb
D:4:      layout_rooms, minmay_between
D:5:      minmay_general_purpose_star, layout_gridville,
          mainiacjoe_overflow_24_doors

Skill      XL: |  1  2  3  4  5  6  7 |
---------------+----------------------+-----
Stealth        | 2 3 4 |  4.3
Dodging        | 3 4 |  4.9
Fighting       | 3 4 |  4.4
Ranged Weapons | 5 6 |  6.3

Action                     |  1- 3 |  4- 6 |  7- 9 || total
---------------------------+-------+-------+-------++-------
  Melee: Shortbow          |       |     4 |       ||     4
         Kick              |       |     2 |       ||     2
         Peck              |       |     1 |       ||     1
   Fire: Shortbow          |    99 |    54 |    81 ||   234
    Use: Scroll            |       |     3 |     2 ||     5
         Potion            |       |     2 |       ||     2
 Armour: Leather armour    |    10 |     8 |     6 ||    24
  Dodge: Dodged            |    42 |    22 |    52 ||   116

Table legend: (Time is in decaauts)
 A = Elapsed time spent in this place.
 B = Non-inter-level travel time spent in this place.
 C = Inter-level travel time spent in this place.
 D = Time resting spent in this place.
 E = Time spent auto-exploring this place.
 F = Levels seen in this place.
 G = Mean time per level.
                   A        B        C        D        E       F      G
               +--------+--------+--------+--------+--------+-----+--------+
         Total |   2703 |   2623 |     80 |      0 |   2113 |   5 |  540.6 |
       Dungeon |   2703 |   2623 |     80 |      0 |   2113 |   5 |  540.6 |
               +--------+--------+--------+--------+--------+-----+--------+

Top non-repeatable levels by time:
     D:1: 810 daAuts
     D:3: 600 daAuts
     D:2: 511 daAuts
     D:4: 455 daAuts
     D:5: 326 daAuts
